 Dungeon Crawl Stone Soup version 0.29.1 (webtiles) character file.

Game seed: 2674719607644491913

54 masschaos23 the Sneak (level 3, -2/24 HPs)
             Began as an Octopode Brigand on Sept 13, 2022.
             Slain by Sigmund
             ... wielding a +0 scythe
              (12 damage)
             ... on level 3 of the Dungeon.
             The game lasted 00:06:21 (2560 turns).

masschaos23 the Sneak (Octopode Brigand)            Turns: 2560, Time: 00:06:22

Health: -2/24      AC:  1    Str: 10    XL:     3   Next: 91%
Magic:  3/3        EV: 13    Int: 13    God:
Gold:   106        SH:  0    Dex: 15    Spells: 2/2 levels left

rFire   . . .      SeeInvis .   a - +2 dagger
rCold   . . .      Faith    .   m - orb {mayhem}
rNeg    + . .      Spirit   .   (helmet restricted)
rPois   .          Reflect  .   (no amulet)
rElec   .          Harm     .   d - ring of positive energy
rCorr   .          Rampage  .   (no ring)
Will    .....                   (no ring)
Stlth   ++++......              (no ring)
HPRegen 0.08/turn               (no ring)
MPRegen 0.08/turn               (no ring)
                                (no ring)
                                (no ring)

@: no status effects
A: almost no armour, amphibious, 8 rings, camouflage 1, gelatinous body 1,
(nimble swimmer 1), tentacles
a: no special abilities


You were on level 3 of the Dungeon.
You visited 1 branch of the dungeon, and saw 3 of its levels.

You collected 106 gold pieces.

Inventory:

Hand Weapons
 a - a +2 dagger (weapon)
Missiles
 b - 14 poisoned darts
 c - a curare-tipped dart (quivered)
Armour
 l - a +0 kite shield
 m - an orb of mayhem (worn)
Jewellery
 d - a ring of positive energy (left tentacle)
Scrolls
 e - 2 scrolls of identify
 f - 2 scrolls of teleportation
 g - 2 scrolls of enchant armour
 i - a scroll of enchant weapon
 k - a scroll of butterflies
Potions
 j - 2 potions of attraction
 n - a potion of mutation {unknown}


   Skills:
 + Level 2.2 Fighting
 + Level 2.5 Short Blades
 + Level 2.1 Throwing
 + Level 1.1 Dodging
 + Level 6.7 Stealth


You had 2 spell levels left.
You didn't know any spells.
Your spell library was empty.

Dungeon Overview and Level Annotations

Branches:
Dungeon (3/15)

Altars:
Makhleb
Ru

Annotations:
D:3 Sigmund


Innate Abilities, Weirdness & Mutations

You cannot wear most types of armour.
You are amphibious.
You can wear up to eight rings at the same time.
Your skin changes colour to match your surroundings (Stealth+).
Your rubbery body absorbs attacks. (AC +1, EV +1)
((You are camouflaged when in or above water. (Stealth+)))
You have tentacles for arms and can constrict up to eight enemies at once.


Message History

Aim: Sigmund, wielding a +0 scythe and wearing a +2 robe of resistance (57% to hit)
You throw a curare-tipped dart.
The curare-tipped dart closely misses Sigmund.
The bat closely misses you.
Throw: 2 darts (curare)
Press: ? - help, Q - select action, (/) - cycle Shift-Dir - straight line, f/p - Sigmund
Aim: Sigmund, wielding a +0 scythe and wearing a +2 robe of resistance (57% to hit)
You throw a curare-tipped dart.
The curare-tipped dart closely misses the bat.
The curare-tipped dart closely misses Sigmund.
The bat barely misses you.
Sigmund gestures wildly while chanting.
Sigmund flickers and vanishes!
Deactivating autopickup; reactivate with Ctrl-A.
Something hits you! Something hits you.
You hit something. Your squeeze misses something.
You hit something but do no damage. Something hits you!
* * * LOW HITPOINT WARNING * * *
You feel better. Something hits you!
* * * LOW HITPOINT WARNING * * *
Something hits you.
* * * LOW HITPOINT WARNING * * *
As you read the scroll of teleportation, it crumbles to dust.
You feel strangely unstable.
Your surroundings suddenly seem different.
You start resting.
Sigmund is nearby!
Sigmund shouts!
Sigmund barely misses you.
An adder comes into view.
Sigmund closely misses you.
Sigmund mumbles some strange words.
Sigmund flickers and vanishes!
You hear some strange, mumbled words.
Something tries to affect you, but you resist.
Something hits you!
Ouch! That really hurt!
You die...

## ### #. .S# #. #.# #.###
#.#### #...# #....# ####
#.#.###....##...##
#####...{............##
#.....@.#....#.##.....#
####...................
.....................##
####+###...÷.......#.#
#....................#
#######...............#...##
............)......._.....###
.#####.......................
#...†)............######


There were no monsters in sight!

Vanquished Creatures
  A worm (D:2)
  2 dart slugs (D:2)
  5 ball pythons
  7 endoplasms
  A giant cockroach (D:1)
  2 goblins
  5 hobgoblins
  4 kobolds
  5 quokkas
  2 bats
  4 frilled lizards
  2 rats (D:2)
40 creatures vanquished.

Vanquished Creatures (others)
  A plant (D:1)
1 creature vanquished.

Grand Total: 41 creatures vanquished

Notes
Turn   | Place    | Note
-------+----------+-------------------------------------------
     0 | D:1      | masschaos23 the Octopode Brigand began the quest for the
                  | Orb.
     0 | D:1      | Reached XP level 1. HP: 14/14 MP: 1/1
   353 | D:1      | Reached XP level 2. HP: 13/19 MP: 2/2
   541 | D:1      | Found a faded altar of an unknown god.
   731 | D:1      | Reached skill level 6 in Stealth
  1231 | D:2      | Found a sacrificial altar of Ru.
  1236 | D:2      | Reached XP level 3. HP: 24/24 MP: 3/3
  2252 | D:3      | Found a burning altar of Makhleb.
  2448 | D:3      | Noticed Sigmund
  2560 | D:3      | Slain by Sigmund

Illustrated notes

Levels and vault maps discovered:
D:1:      lightli_arrival_windingriver, layout_loops_cross,
          hellmonk_ecumenical_altar_zigzags
D:2:      layout_loops_ring, basic_altar
D:3:      layout_basic, eat_drink_and_be_merry_uskayaw, bloody_makhleb,
          minmay_shallow_snake_nest, uniq_sigmund

Skill      XL: |  1  2 |
---------------+-------+-----
Stealth        | 6 |  6.7
Fighting       | |  2.2
Short Blades   | |  2.5
Throwing       | |  2.1
Dodging        | |  1.1

Action                   || total
-------------------------++-------
Melee: Dagger            ||    71
       Tentacles         ||    10
       Constrict         ||     9
       Punch             ||     1
Throw: Dart              ||     9
  Use: Scroll            ||     7
       Potion            ||     4
 Stab: Sleeping          ||    18
       Distracted        ||     1
Armor: Skin              ||     2
Dodge: Dodged            ||    18
